 Dungeon Crawl Stone Soup version 0.20.1-1-g8b1a95d (webtiles) character file.

108 Zeege the Chopper (level 4, -7/35 HPs)
             Began as a Demonspawn Chaos Knight on Nov 10, 2017.
             Killed from afar by an orc wizard (9 damage)
             ... with a magic dart
             ... on level 3 of the Dungeon.
             The game lasted 00:10:00 (2056 turns).

Zeege the Chopper (Demonspawn Chaos Knight)         Turns: 2056, Time: 00:10:02

Health: -7/35      AC:  8    Str: 13    XL:     4   Next: 58%
Magic:  4/4        EV: 12    Int: 13    God:    Xom [.*....]
Gold:   60         SH:  0    Dex: 13    Spells: 3/3 levels left

rFire    . . .     SeeInvis .   a - +0 hand axe (chaos)
rCold    . . .     Gourm    .   (no shield)
rNeg     + . .     Faith    .   b - +3 leather armour
rPois    .         Spirit   .   (helmet restricted)
rElec    .         Reflect  .   (no cloak)
rCorr    .         Harm     .   (no gloves)
MR       +....                  (no boots)
Stlth    +.........             g - amulet of inaccuracy (curse)
Regen    0.2/turn               f - ring of protection from magic
MPRegen  0.1/turn               j - ring of positive energy

@: no potions, slowed, very slow
A: horns 1, molten scales 1, spiny 1
a: Renounce Religion


You were on level 3 of the Dungeon.
You worshipped Xom.
You were a plaything of Xom.
You were not hungry.

You visited 1 branch of the dungeon, and saw 4 of its levels.

You collected 60 gold pieces.

Inventory:

Hand Weapons
 a - a +0 hand axe of chaos (weapon)
Missiles
 e - 2 tomahawks (quivered)
Armour
 b - a +3 leather armour (worn)
Jewellery
 f - a ring of protection from magic (left hand)
 g - a cursed amulet of inaccuracy (around neck)
 i - an uncursed amulet of faith
 j - a ring of positive energy (right hand)
 n - an uncursed ring of fire {unknown}
Potions
 d - a potion of heal wounds
 h - 2 potions of degeneration {unknown}
 m - a potion of might {unknown}
Comestibles
 c - a bread ration
 l - a royal jelly
 o - a meat ration


   Skills:
 + Level 3.3 Fighting
 + Level 3.9 Axes
 + Level 2.6 Armour
 + Level 1.6 Dodging


You had 3 spell levels left.
You didn't know any spells.

Dungeon Overview and Level Annotations

Branches:
Dungeon (4/15)
 Temple: D:4-7

Altars:
Elyvilon
Trog


Innate Abilities, Weirdness & Mutations

You have a pair of small horns on your head.
You are partially covered in molten scales. (AC +2)
You are partially covered in sharp spines.


Message History

The orc wizard is almost dead.
The orc wizard hits you but does no damage.
The orc wizard hits you with a dagger.
* * * LOW HITPOINT WARNING * * *
You closely miss the orc wizard.
The orc wizard is almost dead.
The orc wizard gestures at you while chanting.
You feel yourself slow down.
You completely miss the orc wizard.
You headbutt the orc wizard, but do no damage.
The orc wizard is almost dead.
The orc wizard closely misses you.
The orc wizard points at you and mumbles some strange words.
The magic dart hits you!
* * * LOW HITPOINT WARNING * * *
The orc wizard mumbles some strange words.
The orc wizard blinks!
The orc wizard casts a spell at you. The magic dart hits you!
You die...

#...............#
############...............#
...........................#
o############..............#
##..............
###............ #.............
#####.........)...
#@................
###.##########)###.............
......)(...(..)................
.o....)........................
≈≈≈..≈≈≈≈.≈≈≈≈≈≈≈≈≈.≈≈≈≈.≈≈.≈≈≈
≈≈≈≈≈≈≈≈≈≈≈≈≈≈o≈≈≈≈≈≈≈≈≈≈≈≈≈≈≈≈
≈≈≈≈≈≈≈≈≈≈≈≈≈≈≈≈≈≈≈≈≈≈≈≈≈≈≈≈≈≈≈
≈≈≈≈≈≈≈#####≈≈≈≈≈≈≈≈≈≈≈≈≈≈≈≈≈≈≈
≈≈≈≈≈≈≈ ####################


You could see an orc wizard.

Vanquished Creatures
  An adder (D:3)
  A river rat (D:3)
  2 oozes
  A worm (D:3)
  2 dart slugs
  2 leopard geckos (D:1)
  6 orcs (D:3)
  3 giant cockroaches
  11 goblins
  3 hobgoblins
  7 jackals (D:2)
  A quokka (D:3)
  A ball python (D:1)
  7 bats
  3 frilled lizards
  5 kobolds
  8 rats
64 creatures vanquished.

Notes
Turn   | Place    | Note
-------+----------+-------------------------------------------
     0 | D:1      | Zeege the Demonspawn Chaos Knight began the quest for the Orb.
     0 | D:1      | Reached XP level 1. HP: 18/18 MP: 1/1
    92 | D:1      | XOM: harmless Tloc miscast
   194 | D:1      | Gained mutation: You have a pair of small horns on your head. [demonic ancestry]
   194 | D:1      | Reached XP level 2. HP: 24/24 MP: 2/2
   221 | D:1      | Reached skill level 1 in Dodging
   481 | D:1      | XOM: fog
   825 | D:1      | XOM: noise
   888 | D:2      | Gained mutation: You are partially covered in molten scales. (AC +2) [demonic ancestry]
   888 | D:2      | Reached XP level 3. HP: 26/29 MP: 3/3
   915 | D:2      | XOM: mild Tmut miscast
  1313 | D:2      | Found a white marble altar of Elyvilon.
  1313 | D:2      | Found a bloodstained altar of Trog.
  1481 | D:3      | XOM: smoke on damage
  1533 | D:3      | XOM: polymorph goblin -> river rat
  1543 | D:3      | Gained mutation: You are partially covered in sharp spines. [demonic ancestry]
  1543 | D:3      | Reached XP level 4. HP: 14/35 MP: 4/4
  2052 | D:3      | XOM: medium Ice miscast
  2056 | D:3      | Killed from afar by an orc wizard

Skill      XL: |  1  2 |
---------------+-------+-----
Axes           | 3 |  3.9
Dodging        | 1 |  1.6
Armour         | 2 |  2.6
Fighting       | |  3.3

Action                   |  1- 3 |  4- 6 || total
-------------------------+-------+-------++-------
Melee: Hand axe          |   213 |    30 ||   243
       Headbutt          |    18 |     6 ||    24
Throw: Tomahawk          |       |     3 ||     3
  Use: Scroll            |     6 |     2 ||     8
       Potion            |     1 |       ||     1
 Stab: Paralysed         |     1 |       ||     1
       Sleeping          |     1 |       ||     1
  Eat: Chunk             |     2 |     2 ||     4
Armor: Leather armour    |   118 |    14 ||   132
Dodge: Dodged            |   165 |    23 ||   188
